 Dungeon Crawl Stone Soup version 0.18-a0-717-g59c076b (webtiles) character file.

945 Proton the Skirmisher (level 8, 70/73 HPs)
             Began as a Naga Fighter on Dec 8, 2015.
             Starved to death
             ... on level 8 of the Dungeon.
             The game lasted 00:10:36 (4715 turns).

Proton the Skirmisher (Naga Fighter)                Turns: 4715, Time: 00:10:37

Health: 70/73      AC: 12    Str: 20    XL:     8   Next: 13%
Magic:  8/8        EV:  5    Int:  9    God:
Gold:   221        SH:  9    Dex: 13    Spells: 0 memorised, 7 levels left

rFire  + . .     SeeInvis +     a - +0 long sword
rCold  . . .     Clarity  .     v - +0 chain mail (curse)
rNeg   . . .     SustAt   .     c - +0 shield
rPois  +         Gourm    .     g - +2 hat
rElec  .         Spirit   .     r - +1 cloak {MR+}
rCorr  .         Dismiss  .     (no gloves)
rMut   .         Stasis   .     (no barding)
MR     ++...                    (no amulet)
Stlth  ..........               n - ring of protection from fire
                                m - +2 ring of dexterity

@: fainting, very slow, very resistant to hostile enchantments, extremely
unstealthy
A: see invisible, deformed body, poison resistance, slowness 2, slow metabolism
1, spit poison 2, AC +2
a: Spit Poison


You were on level 8 of the Dungeon.
You were fainting.

You visited 1 branch of the dungeon, and saw 6 of its levels.

You collected 221 gold pieces.

Inventory:

Hand Weapons
 a - a +0 long sword (weapon)
Armour
 c - a +0 shield (worn)
 g - a +2 hat (worn)
 r - a +1 cloak of magic resistance (worn)
 v - a cursed +0 chain mail (worn)
Jewellery
 m - a +2 ring of dexterity (left hand)
 n - a ring of protection from fire (right hand)
Wands
 q - a wand of slowing (19)
 u - a wand of confusion (17)
Scrolls
 j - a scroll of noise
 k - 6 scrolls of identify {unknown}
 p - a scroll of enchant armour {unknown}
 s - a scroll of fear {unknown}
 t - a scroll of immolation {unknown}
 y - a scroll of teleportation
 A - a scroll of fog {unknown}
 B - a scroll of random uselessness {unknown}
Potions
 b - 3 potions of agility {unknown}
 d - 2 potions of might
 f - a potion of flight {unknown}
 h - a potion of poison {unknown}
 i - a potion of lignification {unknown}
 l - 4 potions of curing {unknown}
 w - a potion of resistance {unknown}
 z - a potion of heal wounds {unknown}
Comestibles
 o - 2 fruits


   Skills:
 + Level 4.9 Fighting
 + Level 4.4 Long Blades
 + Level 4.2 Armour
 + Level 3.1 Dodging
 + Level 4.0 Shields


You had 7 spell levels left.
You didn't know any spells.

Dungeon Overview and Level Annotations

Branches:
Dungeon (5/15)
 Temple: D:4-7

Altars:
Elyvilon
Fedhas
Gozag
Kikubaaqudgha
Makhleb
Qazlal
Ru
Sif Muna
Yredelemnul
Zin

Annotations:
D:5 Prince Ribbit


Innate Abilities, Weirdness & Mutations

You cannot wear boots.
Your serpentine skin is tough (AC +2).
You have supernaturally acute eyesight.
Armour fits poorly on your strangely shaped body.
Your system is resistant to poisons.
You cover ground very slowly.
You have a slow metabolism.
You can spit poison.


Message History

Your chain mail prevents you from hitting the hungry ghost.
The hungry ghost is heavily damaged.
You block the hungry ghost's attack.
You closely miss the hungry ghost.
The hungry ghost is heavily damaged.
You block the hungry ghost's attack. The hungry ghost hits you.
You feel slightly more hungry.
You miss the hungry ghost.
The hungry ghost is heavily damaged.
You block the hungry ghost's attack.
You closely miss the hungry ghost.
The hungry ghost is heavily damaged.
The hungry ghost hits you.
You feel slightly more hungry.
Your chain mail prevents you from hitting the hungry ghost.
The hungry ghost is heavily damaged.
The hungry ghost hits you.
You closely miss the hungry ghost.
The hungry ghost is heavily damaged.
You have starved to death.
You die...

...... .#
...... .
......###.
.........#
.........#
.........#
.........#
......W@.#
..?......#
>.#.######
.. .


You could see a hungry ghost.

Vanquished Creatures
  The ghost of AlfredTheGreat the Skirmisher, an amateur DrBe of Trog (D:3)
  A centaur (D:5)
  2 ogres (D:4)
  A scorpion (D:5)
  The ghost of OmG the Conjurer, a weakling DsCj (D:4)
  A hound (D:4)
  Crazy Yiuf (D:2)
  An orc priest (D:4)
  A giant frog zombie (D:5)
  A crimson imp (D:5)
  An orc wizard (D:5)
  3 worker ants
  A hound skeleton (D:5)
  8 adders
  8 gnolls
  3 oozes
  An adder zombie (D:5)
  A worm (D:4)
  3 orcs
  A ball python (D:2)
  9 giant cockroaches
  8 hobgoblins
  5 jackals (D:2)
  3 quokkas
  7 bats
  2 giant geckos
  4 giant newts
  5 goblins
  6 kobolds
  9 rats
99 creatures vanquished.

Notes
Turn   | Place    | Note
--------------------------------------------------------------
     0 | D:1      | Proton the Naga Fighter began the quest for the Orb.
     0 | D:1      | Reached XP level 1. HP: 21/21 MP: 1/1
   214 | D:1      | Reached XP level 2. HP: 28/28 MP: 2/2
   808 | D:2      | Reached XP level 3. HP: 19/34 MP: 3/3
  1164 | D:2      | Reached skill level 1 in Dodging
  1283 | D:2      | Reached XP level 4. HP: 32/42 MP: 4/4
  1453 | D:2      | Noticed Crazy Yiuf
  1467 | D:2      | Killed Crazy Yiuf
  1467 | D:2      | Reached XP level 5. HP: 15/49 MP: 5/5
  1898 | D:3      | Noticed AlfredTheGreat's ghost (amateur DrBe)
  2133 | D:3      | Found a burning altar of Makhleb.
  2208 | D:4      | Noticed an ogre
  2217 | D:4      | Killed an ogre
  2217 | D:4      | Reached XP level 6. HP: 27/57 MP: 6/6
  2409 | D:3      | Killed AlfredTheGreat's ghost
  2409 | D:3      | Reached skill level 4 in Fighting
  3053 | D:4      | Noticed OmG's ghost (weakling DsCj)
  3071 | D:4      | Killed OmG's ghost
  3071 | D:4      | Reached XP level 7. HP: 31/64 MP: 7/7
  3131 | D:4      | Found an opulent altar of Gozag.
  3131 | D:4      | Found a sacrificial altar of Ru.
  3132 | D:4      | Found a deep blue altar of Sif Muna.
  3155 | D:4      | Found a blossoming altar of Fedhas.
  3158 | D:4      | Found an ancient bone altar of Kikubaaqudgha.
  3466 | D:4      | Found a basalt altar of Yredelemnul.
  3518 | D:4      | Found a white marble altar of Elyvilon.
  3698 | D:5      | Entered Level 5 of the Dungeon
  3952 | D:5      | Found a glowing silver altar of Zin.
  4059 | D:5      | Found a stormy altar of Qazlal.
  4245 | D:4      | Reached XP level 8. HP: 66/73 MP: 8/8
  4494 | D:5      | Noticed Prince Ribbit
  4648 | D:5      | You fall through a shaft for 3 floors!
  4715 | D:8      | Starved to death

Vault maps used:
D:1:      matt_arrival_grand_opening
D:2:      serial_bayou, serial_bayou_pond_b, serial_bayou_pond_d,
          serial_bayou_pond_e, serial_bayou_pond_a, amalloy_card_club,
          uniq_crazy_yiuf_cottage
D:3:      overflow_temple_1_default
D:4:      grunt_temple_overflow_growth_and_decay, kennysheep_ying_yang,
          gammafunk_temple_overflow_claw
D:5:      nicolae_qazlal_general_emergency, nicolae_overflow_crystal_walls,
          first_bread, uniq_prince_ribbit1
D:8:      johnstein_pakellas_shop, basic_altar

Action                   |  1- 3 |  4- 6 |  7- 9 || total
-------------------------+-------+-------+-------++-------
Melee: Long sword        |   140 |   223 |   218 ||   581
 Abil: Spit Poison       |     1 |    12 |     8 ||    21
Evoke: Wand              |       |       |     1 ||     1
  Use: Scroll            |       |     3 |       ||     3
  Eat: Meat ration       |       |     1 |     2 ||     3
       Fruit             |       |     1 |     1 ||     2
       Bread ration      |       |       |     3 ||     3
